[Event "28th Bosnjaci Open 2024"]
[Site "Bosnjaci"]
[Date "2024.01.03"]
[Round "1.1"]
[White "Saric, Ante"]
[Black "Mesar, Darko"]
[Result "1-0"]
[ECO "B38"]
[WhiteElo "2508"]
[BlackElo "1851"]
[Annotator "TA"]
[PlyCount "85"]
[EventDate "2024.01.02"]
[EventType "swiss"]
[EventCountry "CRO"]
[SourceTitle "playchess.com"]
[Source "ChessBase"]
[SourceQuality "1"]
[TimeControl "5400+30"]

1. Nf3 Nf6 2. c4 g6 3. Nc3 c5 4. e4 d6 5. d4 cxd4 6. Nxd4 Bg7 7. Be2 O-O 8. O-O Nc6 9. Be3 Nxd4 10. Bxd4 Be6 11. Re1 {[%emt 0:06:32] B38: Sicilian: Maroczy Bind with 5...Bg7 and 7...0-0.} a6 12. Bf1 {[%emt 0:01:01] [#]} Rb8 $146 ({Predecessor:} 12... Rc8 13. Nd5 Nd7 14. Bxg7 Kxg7 15. Qd4+ f6 16. f4 Bf7 17. g3 e5 18. Qf2 Bxd5 19. cxd5 {½-½ Saric,A (2505)-Mrdja,M (2360) Zagreb op-A 2008 (1)}) 13. Qd2 {[%emt 0:08:03] White is slightly better.} Qa5 14. a3 Rfd8 15. b4 Qc7 16. Rac1 b6 (16... Bxc4 $2 17. Bxf6 Bxf6 18. Nd5 $18) 17. Nd5 Qa7 18. Nxf6+ exf6 ({Black should try} 18... Bxf6 $14 19. Bxf6 exf6) 19. Qb2 $16 {[%emt 0:13:54] White is more active.} Qe7 20. a4 Bd7 21. b5 a5 22. f3 Be6 23. g4 g5 (23... Bh6 $16) 24. Qf2 Qc7 25. h4 h6 26. Kg2 Kf8 27. Bd3 Ke7 28. hxg5 hxg5 29. Rh1 Rh8 $2 {[%emt 0:00:38] [#]} (29... Kd7 30. Rh7 Rg8) 30. Rxh8 $18 Bxh8 31. Rh1 Bg7 32. Rh7 Bf8 33. Rh1 Bg7 $1 34. Qb2 {[%emt 0:00:37] Rh7 is the strong threat.} ({But not} 34. Rh7 Kf8 35. Qe3 Bxc4 36. Bxb6 Rxb6 $18) 34... Qd8 35. Qc1 Qc8 36. Qe3 Qc7 37. Be2 ({Resist} 37. Rh7 Bf8 38. Be2 Rb7) 37... Kf8 $2 (37... Qd8 {was necessary.} 38. Bd3 Kd7) 38. Qc3 {[%emt 0:03:49] aiming for f4.} Qd8 $2 {[%emt 0:01:52] [#]} (38... Rc8 {was called for.} 39. Rh5 (39. Bxf6 Bxf6 40. Qxf6 Ke8 $18) 39... Qd8) 39. f4 $1 {[%emt 0:01:04][%cal Bf3f4,Bf4f5][%mdl 544] White is clearly winning.} Ke8 (39... gxf4 40. g5) 40. Rh7 {[%emt 0:01:04] Prevents gxf4.} Bf8 41. Bxf6 Qc8 42. f5 Qb7 43. Bf3 {[%emt 0:00:49] Weighted Error Value: White=0.30/Black=0.40} 1-0

[Event "28th Bosnjaci Open 2024"]
[Site "Bosnjaci"]
[Date "2024.01.04"]
[Round "1.2"]
[White "Hajdinic, Ema"]
[Black "Zaja, Ivan"]
[Result "0-1"]
[ECO "C02"]
[WhiteElo "1840"]
[BlackElo "2419"]
[Annotator "RC"]
[PlyCount "84"]
[EventDate "2024.01.02"]
[EventType "swiss"]
[EventCountry "CRO"]
[SourceTitle "playchess.com"]
[Source "ChessBase"]
[SourceQuality "1"]
[TimeControl "5400+30"]

1. e4 e6 2. d4 d5 3. e5 c5 4. c3 Nc6 5. Nf3 Bd7 6. Be2 Rc8 7. a3 Nh6 8. O-O cxd4 9. cxd4 f6 10. Bxh6 gxh6 11. Nc3 Bg7 12. Re1 O-O 13. Bd3 Be8 14. Rc1 Bh5 15. Be2 Bxf3 16. Bxf3 fxe5 17. dxe5 Nxe5 18. Be2 Qb6 19. Bg4 Qxf2+ 20. Kh1 Nxg4 21. Qxg4 Qxb2 22. Qxe6+ Kh8 23. Ne2 Rce8 24. Qg4 Re4 25. Qh5 Rfe8 26. Rc7 Qe5 27. Qxe5 Bxe5 28. Rc2 Bd4 29. g3 Bf2 30. Rf1 Rxe2 31. Rxf2 Rxf2 32. Rxf2 Kg7 33. Rc2 Kf6 34. Rc7 Re7 35. Rc3 d4 36. Rc1 Ke5 37. Kg2 Kd5 38. Kf2 d3 39. Rc8 Kd4 40. Kf1 d2 41. Rd8+ Kc3 42. Rc8+ Kb3 0-1

[Event "28th Bosnjaci Open 2024"]
[Site "Bosnjaci"]
[Date "2024.01.04"]
[Round "1.3"]
[White "Fercec, Nenad"]
[Black "Benko, Bostjan"]
[Result "1-0"]
[ECO "B12"]
[WhiteElo "2410"]
[BlackElo "1835"]
[Annotator "RC"]
[PlyCount "39"]
[EventDate "2024.01.02"]
[EventType "swiss"]
[EventCountry "CRO"]
[SourceTitle "playchess.com"]
[Source "ChessBase"]
[SourceQuality "1"]
[TimeControl "5400+30"]

1. e4 c6 2. d4 d5 3. e5 c5 4. Nf3 Nc6 5. c4 cxd4 6. Nxd4 Nxd4 7. Qxd4 Be6 8. cxd5 Qxd5 9. Qxd5 Bxd5 10. Nc3 Bc6 11. Nb5 Kd7 12. Be3 Bxb5 13. Bxb5+ Ke6 14. f4 Kf5 15. Bd3+ Kg4 16. Kf2 e6 17. h3+ Kh5 18. g4+ Kh6 19. f5+ g5 20. f6 1-0

[Event "28th Bosnjaci Open 2024"]
[Site "Bosnjaci"]
[Date "2024.01.03"]
[Round "1.4"]
[White "Bekcic, Martin"]
[Black "Kovacevic, Blazimir"]
[Result "0-1"]
[ECO "A47"]
[WhiteElo "1829"]
[BlackElo "2381"]
[Annotator "RC"]
[PlyCount "66"]
[EventDate "2024.01.02"]
[EventType "swiss"]
[EventCountry "CRO"]
[SourceTitle "playchess.com"]
[Source "ChessBase"]
[SourceQuality "1"]
[TimeControl "5400+30"]

1. d4 Nf6 2. Bf4 c5 3. e3 g6 4. c3 b6 5. Nf3 Bb7 6. Bd3 Bg7 7. h3 d6 8. Bb5+ Nbd7 9. O-O a6 10. Bxd7+ Nxd7 11. Nbd2 O-O 12. Re1 e5 13. Bg3 b5 14. dxe5 dxe5 15. Qc2 Qe7 16. e4 c4 17. b3 cxb3 18. axb3 Rfc8 19. c4 f6 20. Rad1 Qe6 21. Re2 a5 22. Qb1 Ba6 23. Re3 Bf8 24. cxb5 Bxb5 25. Nc4 a4 26. Rd5 Bc5 27. Re1 Bxc4 28. bxc4 Nb6 29. Rdd1 a3 30. Qa2 Qxc4 31. Ra1 Qxa2 32. Rxa2 Na4 33. Rea1 Nc3 0-1

[Event "28th Bosnjaci Open 2024"]
[Site "Bosnjaci"]
[Date "2024.01.04"]
[Round "1.5"]
[White "Jocev, Milan"]
[Black "Matozan, Zvonko"]
[Result "1-0"]
[ECO "E63"]
[WhiteElo "2376"]
[BlackElo "1824"]
[Annotator "RC"]
[PlyCount "73"]
[EventDate "2024.01.02"]
[EventType "swiss"]
[EventCountry "CRO"]
[SourceTitle "playchess.com"]
[Source "ChessBase"]
[SourceQuality "1"]
[TimeControl "5400+30"]

1. d4 d6 2. Nf3 g6 3. c4 Bg7 4. g3 Nc6 5. Bg2 Bd7 6. Nc3 Nf6 7. O-O O-O 8. b3 a6 9. Bb2 Rb8 10. d5 Na7 11. a4 e5 12. e4 Nc8 13. a5 Ne7 14. Ne1 Ng4 15. Nd3 f5 16. c5 f4 17. Ba3 Bc8 18. Nb2 dxc5 19. Bxc5 b6 20. axb6 cxb6 21. Ba3 b5 22. d6 b4 23. dxe7 Qxd1 24. exf8=Q+ Bxf8 25. Rfxd1 bxc3 26. Rd8 cxb2 27. Rxf8+ Kg7 28. Rb1 Rxb3 29. Rxc8 Rxa3 30. Rc2 f3 31. Bf1 Nf6 32. Rcxb2 Nxe4 33. Re1 Ra4 34. Rc2 Ng5 35. Rxe5 Kh6 36. h4 Ne4 37. Rc4 1-0

[Event "28th Bosnjaci Open 2024"]
[Site "Bosnjaci"]
[Date "2024.01.03"]
[Round "1.6"]
[White "Milovic, Ilija"]
[Black "Zufic, Miroslav"]
[Result "1/2-1/2"]
[ECO "D36"]
[WhiteElo "1823"]
[BlackElo "2354"]
[Annotator "RC"]
[PlyCount "77"]
[EventDate "2024.01.02"]
[EventType "swiss"]
[EventCountry "CRO"]
[SourceTitle "playchess.com"]
[Source "ChessBase"]
[SourceQuality "1"]
[TimeControl "5400+30"]

1. d4 Nf6 2. c4 e6 3. Nc3 d5 4. cxd5 exd5 5. Bg5 Be7 6. e3 c6 7. Bd3 O-O 8. Qc2 Nbd7 9. Nf3 Re8 10. O-O Nf8 11. Rab1 Nh5 12. Bxe7 Qxe7 13. b4 a6 14. a4 Nf6 15. b5 axb5 16. axb5 c5 17. dxc5 Qxc5 18. Rfd1 Bg4 19. Ne4 Qe7 20. Nxf6+ Qxf6 21. Be2 Bf5 22. Bd3 Be4 23. Nd4 Rac8 24. Qa2 Nd7 25. Bxe4 dxe4 26. Rbc1 Ne5 27. Rxc8 Rxc8 28. Qd5 Nd3 29. Qf5 Qxf5 30. Nxf5 Rc5 31. Nd6 f5 32. b6 Rc6 33. Nxf5 Rxb6 34. Ng3 Nc5 35. h3 Kf7 36. Rd5 Rc6 37. Re5 b5 38. Nxe4 Nxe4 39. Rxe4 1/2-1/2

[Event "28th Bosnjaci Open 2024"]
[Site "Bosnjaci"]
[Date "2024.01.04"]
[Round "1.7"]
[White "Culum, Sanjin"]
[Black "Vasilijevic, Vili"]
[Result "1-0"]
[ECO "E05"]
[WhiteElo "2349"]
[BlackElo "1821"]
[Annotator "RC"]
[PlyCount "71"]
[EventDate "2024.01.02"]
[EventType "swiss"]
[EventCountry "CRO"]
[SourceTitle "playchess.com"]
[Source "ChessBase"]
[SourceQuality "1"]
[TimeControl "5400+30"]

1. d4 Nf6 2. Nf3 d5 3. g3 e6 4. Bg2 Be7 5. O-O O-O 6. c4 dxc4 7. Qc2 a6 8. a4 Nbd7 9. Nbd2 c5 10. Nxc4 Nd5 11. e4 Nb4 12. Qe2 cxd4 13. Nxd4 Qc7 14. Rd1 e5 15. Nf5 Nc5 16. Nxe7+ Qxe7 17. Be3 Be6 18. Nb6 Rad8 19. Nd5 Bxd5 20. exd5 Qd6 21. Qc4 Nd7 22. Rac1 a5 23. Qc7 Qxc7 24. Rxc7 b6 25. d6 Na6 26. Rb7 Nac5 27. Bxc5 bxc5 28. Rb5 f5 29. Bd5+ Kh8 30. Be6 Nb8 31. Rxc5 Rf6 32. Bb3 g6 33. Rxe5 Nc6 34. Re6 Rxe6 35. Bxe6 Kg7 36. Bc4 1-0

[Event "28th Bosnjaci Open 2024"]
[Site "Bosnjaci"]
[Date "2024.01.04"]
[Round "1.8"]
[White "Bedic, Slavko"]
[Black "Muratovic, Efim"]
[Result "0-1"]
[ECO "D51"]
[WhiteElo "1817"]
[BlackElo "2345"]
[Annotator "RC"]
[PlyCount "68"]
[EventDate "2024.01.02"]
[EventType "swiss"]
[EventCountry "CRO"]
[SourceTitle "playchess.com"]
[Source "ChessBase"]
[SourceQuality "1"]
[TimeControl "5400+30"]

1. d4 e6 2. c4 d5 3. Nc3 Nf6 4. Bg5 Nbd7 5. e3 c6 6. Bd3 Qa5 7. Bxf6 Nxf6 8. Nge2 dxc4 9. Bxc4 Bd6 10. h3 O-O 11. O-O e5 12. d5 Rd8 13. dxc6 bxc6 14. Qc2 Rb8 15. Ng3 Nd5 16. Rfd1 Be6 17. a3 Nxe3 18. fxe3 Bxc4 19. b4 Qa6 20. Nce4 Bf8 21. Rdc1 Bd5 22. Ng5 g6 23. e4 Bh6 24. h4 Qb6+ 25. Kh2 Bxg5 26. hxg5 Be6 27. Qc5 Qc7 28. Rd1 a6 29. a4 Rd4 30. Rxd4 exd4 31. Qxd4 Qf4 32. Rd1 Qh4+ 33. Kg1 Qxg3 34. Qf6 h6 0-1

[Event "28th Bosnjaci Open 2024"]
[Site "Bosnjaci"]
[Date "2024.01.03"]
[Round "1.9"]
[White "Plenkovic, Zdenko"]
[Black "Tomljenovic, Mile"]
[Result "*"]
[ECO "A60"]
[WhiteElo "2335"]
[BlackElo "1816"]
[Annotator "RC"]
[PlyCount "35"]
[EventDate "2024.01.02"]
[EventType "swiss"]
[EventCountry "CRO"]
[SourceTitle "playchess.com"]
[Source "ChessBase"]
[SourceQuality "1"]
[TimeControl "5400+30"]

1. d4 c5 2. d5 Nf6 3. c4 e6 4. Nc3 a6 5. e4 exd5 6. e5 Ne4 7. Nxd5 Be7 8. Qg4 Bg5 9. Qxe4 Bxc1 10. Rxc1 O-O 11. Bd3 g6 12. Nf6+ Kg7 13. h4 d6 14. h5 Bf5 15. hxg6 Bxe4 16. Rxh7+ Kxg6 17. Bxe4+ Kg5 18. Nh3# *

[Event "28th Bosnjaci Open 2024"]
[Site "Bosnjaci"]
[Date "2024.01.03"]
[Round "1.10"]
[White "Rajkovic, Mario"]
[Black "Biti, Ozren"]
[Result "*"]
[ECO "C42"]
[WhiteElo "1815"]
[BlackElo "2308"]
[Annotator "RC"]
[PlyCount "20"]
[EventDate "2024.01.02"]
[EventType "swiss"]
[EventCountry "CRO"]
[SourceTitle "playchess.com"]
[Source "ChessBase"]
[SourceQuality "1"]
[TimeControl "5400+30"]

1. e4 e5 2. Nf3 Nf6 3. Nc3 Bb4 4. Nxe5 O-O 5. Bc4 Qe7 6. Nf3 Bxc3 7. dxc3 Qxe4+ 8. Qe2 Qc6 9. O-O d5 10. Bb5 Qd6 *

[Event "28th Bosnjaci Open 2024"]
[Site "Bosnjaci"]
[Date "2024.01.04"]
[Round "1.10"]
[White "Kovac, Mihael"]
[Black "Zovko, Mario"]
[Result "0-1"]
[ECO "C42"]
[WhiteElo "1785"]
[BlackElo "2268"]
[Annotator "RC"]
[PlyCount "140"]
[EventDate "2024.01.02"]
[EventType "swiss"]
[EventCountry "CRO"]
[SourceTitle "playchess.com"]
[Source "ChessBase"]
[SourceQuality "1"]
[TimeControl "5400+30"]

1. e4 e5 2. Nf3 Nf6 3. Nc3 Bb4 4. Nxe5 O-O 5. Bc4 Qe7 6. Nf3 Bxc3 7. dxc3 Qxe4+ 8. Qe2 Qc6 9. O-O d5 10. Bb5 Qd6 11. h3 Bf5 12. Be3 c6 13. Bd3 Bg6 14. Nh4 Re8 15. Nxg6 hxg6 16. Rfe1 Nbd7 17. Qd2 Nc5 18. Bxc5 Qxc5 19. Rxe8+ Rxe8 20. Re1 Rxe1+ 21. Qxe1 Qd6 22. Qe3 c5 23. c4 d4 24. Qf3 Qe7 25. Kf1 Qc7 26. Be4 Qa5 27. Bxb7 Qxa2 28. Qb3 Qa5 29. Ke2 Qc7 30. Bf3 Qe5+ 31. Kd1 Qc7 32. Qb7 Qa5 33. Qb5 Qa1+ 34. Ke2 Qc1 35. Qb3 Kh7 36. Bd5 Qf4 37. Qf3 Qe5+ 38. Kd3 Kg8 39. Qg3 Qf5+ 40. Kd2 Nxd5 41. cxd5 Qxd5 42. Qb8+ Kh7 43. Qxa7 Qxg2 44. Qxf7 Qxh3 45. Qb7 Qf5 46. Qh1+ Qh5 47. Qc6 Qg5+ 48. Kd3 Qf5+ 49. Ke2 Qxc2+ 50. Kf1 Qd1+ 51. Kg2 Qg4+ 52. Kf1 Qh5 53. Qe4 Qd1+ 54. Kg2 d3 55. b3 Qe2 56. Qh4+ Qh5 57. Qf4 Qd5+ 58. Qf3 Qg5+ 59. Kf1 Qf5 60. Qe3 Qd5 61. Qh3+ Kg8 62. Qc8+ Kf7 63. Qc7+ Ke6 64. Qc8+ Ke5 65. Qc7+ Kf5 66. Qc8+ Kg5 67. Qh3 d2 68. Qg3+ Kf5 69. Qh3+ Kf6 70. Qh4+ g5 0-1

[Event "28th Bosnjaci Open 2024"]
[Site "Bosnjaci"]
[Date "2024.01.03"]
[Round "1.11"]
[White "Hadzovic, Amir"]
[Black "Mikic, Ivana"]
[Result "*"]
[ECO "A45"]
[WhiteElo "2307"]
[BlackElo "1811"]
[Annotator "RC"]
[PlyCount "26"]
[EventDate "2024.01.02"]
[EventType "swiss"]
[EventCountry "CRO"]
[SourceTitle "playchess.com"]
[Source "ChessBase"]
[SourceQuality "1"]
[TimeControl "5400+30"]

1. d4 Nf6 2. Bg5 d6 3. Bxf6 exf6 4. e3 Be7 5. g3 Nd7 6. Bg2 c6 7. Ne2 O-O 8. c4 Qb6 9. Qc2 Re8 10. Nbc3 Nf8 11. O-O Ng6 12. Rab1 Qa5 13. b4 Qh5 *

[Event "28th Bosnjaci Open 2024"]
[Site "Bosnjaci"]
[Date "2024.01.03"]
[Round "1.11"]
[White "Alimpic, Aleksa"]
[Black "Kajic, Josip"]
[Result "1-0"]
[ECO "A45"]
[WhiteElo "2282"]
[BlackElo "1788"]
[Annotator "RC"]
[PlyCount "95"]
[EventDate "2024.01.02"]
[EventType "swiss"]
[EventCountry "CRO"]
[SourceTitle "playchess.com"]
[Source "ChessBase"]
[SourceQuality "1"]
[TimeControl "5400+30"]

1. d4 Nf6 2. Bg5 d6 3. Bxf6 exf6 4. e3 Be7 5. g3 Nd7 6. Bg2 c6 7. Ne2 O-O 8. c4 Qb6 9. Qc2 Re8 10. Nbc3 Nf8 11. O-O Ng6 12. Rab1 Qa5 13. b4 Qh5 14. b5 Bf5 15. Be4 Bxe4 16. Qxe4 Bf8 17. Qg2 Rac8 18. a4 f5 19. a5 f4 20. Nxf4 Nxf4 21. exf4 Qf5 22. Qf3 g5 23. Qh5 Bg7 24. Rfd1 Qc2 25. Rbc1 Qb3 26. Qxg5 Qxc4 27. Ne4 Qe6 28. Re1 cxb5 29. Rxc8 Rxc8 30. f5 Qh6 31. Qxh6 Bxh6 32. Nxd6 Rc1 33. Rxc1 Bxc1 34. Nxb5 Bd2 35. Nxa7 Bxa5 36. Kg2 Kf8 37. Kf3 Ke7 38. Nb5 Kd7 39. d5 f6 40. Kg4 Bb6 41. f4 Bc5 42. Kh5 Bg1 43. h4 Bf2 44. g4 Bg3 45. g5 Bxf4 46. g6 hxg6+ 47. fxg6 Ke8 48. d6 1-0

[Event "28th Bosnjaci Open 2024"]
[Site "Bosnjaci"]
[Date "2024.01.03"]
[Round "1.12"]
[White "Logozar, Antun"]
[Black "Sajin, Mirko"]
[Result "0-1"]
[ECO "B34"]
[WhiteElo "1802"]
[BlackElo "2299"]
[Annotator "RC"]
[PlyCount "130"]
[EventDate "2024.01.02"]
[EventType "swiss"]
[EventCountry "CRO"]
[SourceTitle "playchess.com"]
[Source "ChessBase"]
[SourceQuality "1"]
[TimeControl "5400+30"]

1. e4 c5 2. Nf3 g6 3. d4 cxd4 4. Nxd4 Nc6 5. Nc3 Bg7 6. Be3 Nf6 7. Be2 O-O 8. Qd2 d5 9. Nxc6 bxc6 10. exd5 Nxd5 11. Nxd5 Qxd5 12. Qxd5 cxd5 13. O-O-O Rd8 14. Bf3 Bb7 15. Rhe1 e5 16. Bc5 e4 17. Bg4 d4 18. Be7 Rd5 19. Kb1 Re8 20. Ba3 Ra5 21. Bb4 Rd5 22. Be2 Bc6 23. Bc4 Rd7 24. c3 Rb8 25. Bc5 dxc3 26. Rxd7 Rxb2+ 27. Kc1 Bh6+ 28. Be3 Bxe3+ 29. Rxe3 Bxd7 30. Rxe4 Rxf2 31. Re7 Bc6 32. g3 a5 33. h4 h5 34. Re3 Kg7 35. Rxc3 Be4 36. Kd1 a4 37. Be2 Rg2 38. Ra3 Bc6 39. Rc3 Bd7 40. Ra3 Kf6 41. Rf3+ Ke7 42. Re3+ Kd6 43. Rd3+ Kc7 44. Rc3+ Kb6 45. Bc4 f6 46. Bf7 Bf5 47. Re3 Kc5 48. a3 Kd4 49. Re8 Rxg3 50. Rd8+ Ke5 51. Rd5+ Ke4 52. Rd6 Rxa3 53. Rxf6 Rg3 54. Ra6 Ke3 55. Kc1 Rg4 56. Kb2 Kf2 57. Kc3 Kg3 58. Bc4 Kxh4 59. Rxa4 Be6 60. Bb5 Rxa4 61. Bxa4 Kg3 62. Kd4 h4 63. Bc6 h3 64. Ke3 h2 65. Be4 Bh3 0-1

[Event "28th Bosnjaci Open 2024"]
[Site "Bosnjaci"]
[Date "2024.01.03"]
[Round "1.13"]
[White "Hadzovic, Amir"]
[Black "Mikic, Ivana"]
[Result "1-0"]
[ECO "C26"]
[WhiteElo "2307"]
[BlackElo "1811"]
[Annotator "RC"]
[PlyCount "91"]
[EventDate "2024.01.02"]
[EventType "swiss"]
[EventCountry "CRO"]
[SourceTitle "playchess.com"]
[Source "ChessBase"]
[SourceQuality "1"]
[TimeControl "5400+30"]

1. e4 e5 2. Nc3 Nf6 3. Nf3 Nc6 4. g3 Bc5 5. Bg2 O-O 6. O-O d6 7. d3 Be6 8. Na4 Nd7 9. Nxc5 Nxc5 10. d4 exd4 11. Nxd4 Bd7 12. b3 Nxd4 13. Qxd4 Ne6 14. Qc3 Bc6 15. Bb2 Qg5 16. b4 f6 17. f4 Qh5 18. f5 Ng5 19. b5 Bd7 20. Rf4 Rac8 21. Re1 Qe8 22. Rg4 h6 23. h4 Qh5 24. Rf4 Nh7 25. Qd4 Kh8 26. Bf1 b6 27. a4 Qe8 28. Qd2 Rf7 29. g4 a6 30. bxa6 Bxa4 31. Bc4 Re7 32. Bd5 Bc6 33. Rf2 Bxd5 34. Qxd5 Qg8 35. Qd3 Qa2 36. Bc3 Nf8 37. g5 Nd7 38. Qe3 Qxa6 39. gxf6 Nxf6 40. Bxf6 gxf6 41. Qxh6+ Rh7 42. Qxf6+ Rg7+ 43. Rg2 Rcg8 44. h5 Kh7 45. Rg6 Rxg6+ 46. hxg6+ 1-0

[Event "28th Bosnjaci Open 2024"]
[Site "Bosnjaci"]
[Date "2024.01.03"]
[Round "1.13"]
[White "Alimpic, Aleksa"]
[Black "Kajic, Josip"]
[Result "*"]
[ECO "C26"]
[WhiteElo "2282"]
[BlackElo "1788"]
[Annotator "RC"]
[PlyCount "34"]
[EventDate "2024.01.02"]
[EventType "swiss"]
[EventCountry "CRO"]
[SourceTitle "playchess.com"]
[Source "ChessBase"]
[SourceQuality "1"]
[TimeControl "5400+30"]

1. e4 e5 2. Nc3 Nf6 3. Nf3 Nc6 4. g3 Bc5 5. Bg2 O-O 6. O-O d6 7. d3 Be6 8. Na4 Nd7 9. Nxc5 Nxc5 10. d4 exd4 11. Nxd4 Bd7 12. b3 Nxd4 13. Qxd4 Ne6 14. Qc3 Bc6 15. Bb2 Qg5 16. b4 f6 17. f4 Qh5 *

[Event "28th Bosnjaci Open 2024"]
[Site "Bosnjaci"]
[Date "2024.01.03"]
[Round "1.14"]
[White "Rajkovic, Mario"]
[Black "Biti, Ozren"]
[Result "0-1"]
[ECO "C41"]
[WhiteElo "1815"]
[BlackElo "2308"]
[Annotator "RC"]
[PlyCount "40"]
[EventDate "2024.01.02"]
[EventType "swiss"]
[EventCountry "CRO"]
[SourceTitle "playchess.com"]
[Source "ChessBase"]
[SourceQuality "1"]
[TimeControl "5400+30"]

1. e4 d6 2. d4 Nf6 3. Nc3 e5 4. Nf3 Nbd7 5. Bc4 Be7 6. g4 Nb6 7. Bb3 Nxg4 8. Rg1 exd4 9. Qxd4 Bf6 10. Qd3 O-O 11. Bd2 Qe7 12. Rg2 Ne5 13. Nxe5 dxe5 14. O-O-O Kh8 15. Rdg1 c6 16. Qg3 Be6 17. Ne2 Bxb3 18. Qxb3 Qe6 19. Ng3 Qxb3 20. cxb3 g6 0-1

[Event "28th Bosnjaci Open 2024"]
[Site "Bosnjaci"]
[Date "2024.01.03"]
[Round "1.15"]
[White "Plenkovic, Zdenko"]
[Black "Tomljenovic, Mile"]
[Result "1-0"]
[ECO "C44"]
[WhiteElo "2335"]
[BlackElo "1816"]
[Annotator "RC"]
[PlyCount "67"]
[EventDate "2024.01.02"]
[EventType "swiss"]
[EventCountry "CRO"]
[SourceTitle "playchess.com"]
[Source "ChessBase"]
[SourceQuality "1"]
[TimeControl "5400+30"]

1. e4 e5 2. Nf3 Nc6 3. d3 Nf6 4. Be2 Bc5 5. O-O h6 6. c3 O-O 7. b4 Bd6 8. Nbd2 b5 9. a4 bxa4 10. b5 Ne7 11. Nc4 Ng6 12. Nxd6 cxd6 13. c4 Bb7 14. Rxa4 a6 15. bxa6 Rxa6 16. Rxa6 Bxa6 17. Qa4 Bb7 18. Qb4 Qc7 19. Ba3 Ne8 20. Rb1 Bc6 21. g3 f5 22. Nd2 fxe4 23. dxe4 Qa7 24. Rf1 Qd4 25. Bb2 Qa7 26. Qa3 Qb6 27. Kg2 Nf6 28. f3 Ra8 29. Qc3 Kf7 30. Ba3 Ke6 31. Rd1 Ba4 32. Rb1 Qc6 33. c5 d5 34. Rb6 1-0

[Event "28th Bosnjaci Open 2024"]
[Site "Bosnjaci"]
[Date "2024.01.03"]
[Round "1.15"]
[White "Cupic, Lovro"]
[Black "Turicar, Goran"]
[Result "*"]
[ECO "C44"]
[WhiteElo "2265"]
[BlackElo "1780"]
[Annotator "RC"]
[PlyCount "40"]
[EventDate "2024.01.02"]
[EventType "swiss"]
[EventCountry "CRO"]
[SourceTitle "playchess.com"]
[Source "ChessBase"]
[SourceQuality "1"]
[TimeControl "5400+30"]

1. e4 e5 2. Nf3 Nc6 3. d3 Nf6 4. Be2 Bc5 5. O-O h6 6. c3 O-O 7. b4 Bd6 8. Nbd2 b5 9. a4 bxa4 10. b5 Ne7 11. Nc4 Ng6 12. Nxd6 cxd6 13. c4 Bb7 14. Rxa4 a6 15. bxa6 Rxa6 16. Rxa6 Bxa6 17. Qa4 Bb7 18. Qb4 Qc7 19. Ba3 Ne8 20. Rb1 Bc6 *

[Event "28th Bosnjaci Open 2024"]
[Site "Bosnjaci"]
[Date "2024.01.04"]
[Round "1.16"]
[White "Novosad, Ivan"]
[Black "Pavic, Filip"]
[Result "0-1"]
[ECO "B14"]
[WhiteElo "1776"]
[BlackElo "2261"]
[Annotator "RC"]
[PlyCount "70"]
[EventDate "2024.01.02"]
[EventType "swiss"]
[EventCountry "CRO"]
[SourceTitle "playchess.com"]
[Source "ChessBase"]
[SourceQuality "1"]
[TimeControl "5400+30"]

1. d4 Nf6 2. c4 c5 3. e3 cxd4 4. exd4 d5 5. Nc3 e6 6. Nf3 Bb4 7. a3 Bxc3+ 8. bxc3 b6 9. Bg5 O-O 10. cxd5 Qxd5 11. Bxf6 gxf6 12. Bd3 Ba6 13. O-O Bxd3 14. Qxd3 Nc6 15. Rab1 Na5 16. Nd2 f5 17. Rb5 Qd6 18. Nf3 Rfd8 19. g4 a6 20. Re5 Nc6 21. Re2 Ne7 22. gxf5 Nxf5 23. Qe4 Kh8 24. Rb1 b5 25. a4 Qd5 26. axb5 axb5 27. Qd3 Rg8+ 28. Kf1 Nh4 29. Re3 Rg4 30. Rb2 Ra1+ 31. Ke2 Ng2 32. Qxb5 Nxe3 33. Qb8+ Kg7 34. Qe5+ Qxe5 35. Nxe5 Nd1 0-1

[Event "28th Bosnjaci Open 2024"]
[Site "Bosnjaci"]
[Date "2024.01.04"]
[Round "1.17"]
[White "Cvitan, Ena"]
[Black "Lovrinic, Vlatko"]
[Result "1/2-1/2"]
[ECO "D31"]
[WhiteElo "2242"]
[BlackElo "1760"]
[Annotator "RC"]
[PlyCount "86"]
[EventDate "2024.01.02"]
[EventType "swiss"]
[EventCountry "CRO"]
[SourceTitle "playchess.com"]
[Source "ChessBase"]
[SourceQuality "1"]
[TimeControl "5400+30"]

1. d4 d5 2. c4 e6 3. Nc3 c6 4. e4 dxe4 5. Nxe4 Bb4+ 6. Nc3 Nf6 7. Nf3 Nbd7 8. Bd3 Bd6 9. O-O O-O 10. Re1 h6 11. Bc2 Re8 12. Qd3 Nf8 13. c5 Bc7 14. Ne5 Bxe5 15. Rxe5 Ng6 16. Re1 e5 17. Be3 Be6 18. Rad1 Qc7 19. h3 Rad8 20. b4 Nd5 21. Nxd5 Bxd5 22. Bb3 exd4 23. Bc1 Rxe1+ 24. Rxe1 Bxb3 25. axb3 a6 26. Re4 Qd7 27. Bb2 Qc7 28. Rxd4 Rxd4 29. Qxd4 f6 30. Qe4 Ne7 31. Qe6+ Kf8 32. g3 Qc8 33. Qd6 Kf7 34. Kg2 Nd5 35. h4 Qe6 36. Qb8 Qd7 37. h5 Qe7 38. Kh2 Qd7 39. Bc1 Qc7 40. Qh8 Qd7 41. Qh7 Qg4 42. Qh8 Qxh5+ 43. Kg2 Qe5 1/2-1/2

[Event "28th Bosnjaci Open 2024"]
[Site "Bosnjaci"]
[Date "2024.01.04"]
[Round "1.18"]
[White "Mutapcic, Ilija"]
[Black "Bobanac, Miro"]
[Result "0-1"]
[ECO "B23"]
[WhiteElo "1759"]
[BlackElo "2238"]
[Annotator "RC"]
[PlyCount "58"]
[EventDate "2024.01.02"]
[EventType "swiss"]
[EventCountry "CRO"]
[SourceTitle "playchess.com"]
[Source "ChessBase"]
[SourceQuality "1"]
[TimeControl "5400+30"]

1. e4 c5 2. f4 e6 3. Nf3 Nf6 4. Nc3 d5 5. e5 Nh5 6. d4 g6 7. Be3 cxd4 8. Qxd4 Nc6 9. Bb5 a6 10. Bxc6+ bxc6 11. Na4 Ng7 12. g4 h5 13. gxh5 Nf5 14. Qb6 Nxe3 15. Qxe3 Qa5+ 16. Nc3 Rxh5 17. a3 c5 18. Qd2 Bb7 19. Ne4 Qxd2+ 20. Nexd2 Bh6 21. O-O Bxf4 22. Rae1 Ke7 23. c3 Rah8 24. Re2 d4 25. cxd4 cxd4 26. Nxd4 Rg5+ 27. Kf2 Bxd2 28. Nf3 Bxf3 29. Rxd2 Rxh2+ 0-1

[Event "28th Bosnjaci Open 2024"]
[Site "Bosnjaci"]
[Date "2024.01.04"]
[Round "1.19"]
[White "Rosic, Slavko S"]
[Black "Gundic, Danijel"]
[Result "1-0"]
[ECO "A52"]
[WhiteElo "2231"]
[BlackElo "1746"]
[Annotator "RC"]
[PlyCount "63"]
[EventDate "2024.01.02"]
[EventType "swiss"]
[EventCountry "CRO"]
[SourceTitle "playchess.com"]
[Source "ChessBase"]
[SourceQuality "1"]
[TimeControl "5400+30"]

1. d4 Nf6 2. c4 e5 3. dxe5 Ng4 4. Nf3 Bc5 5. e3 Nc6 6. Be2 Ngxe5 7. Nc3 Nxf3+ 8. Bxf3 Ne5 9. Be2 O-O 10. O-O Re8 11. Kh1 a6 12. f4 Nc6 13. Nd5 Nb4 14. Rf3 Nxd5 15. Qxd5 d6 16. Rg3 Qh4 17. Bd2 c6 18. Qd3 Kh8 19. b4 Bb6 20. Rf1 Qe7 21. Bf3 Bd7 22. f5 f6 23. e4 Bc7 24. Bf4 Rac8 25. Bh5 Red8 26. Rh3 Kg8 27. c5 dxc5 28. Qc4+ Be6 29. fxe6 Bxf4 30. Rxf4 cxb4 31. Bf7+ Kh8 32. Rxh7+ 1-0